 Dungeon Crawl Stone Soup version 0.21.1-1-g345015fe64 (webtiles) character file.

70 JA55er the Skirmisher (level 4, -2/37 HPs)
             Began as a Demonspawn Abyssal Knight on Apr 28, 2018.
             Was a Believer of Lugonu.
             Slain by a quokka (4 damage)
             ... on level 3 of the Dungeon.
             The game lasted 00:09:18 (1406 turns).

JA55er the Skirmisher (Demonspawn Abyssal Knight)   Turns: 1406, Time: 00:09:19

Health: -2/37      AC:  6    Str: 12    XL:     4   Next: 4%
Magic:  6/6        EV: 10    Int: 14    God:    Lugonu [**....]
Gold:   33         SH:  0    Dex: 13    Spells: 3/3 levels left

rFire    . . .     SeeInvis .   a - +1 mace
rCold    + . .     Gourm    .   (no shield)
rNeg     . . .     Faith    .   k - +0 ring mail
rPois    .         Spirit   .   (no helmet)
rElec    .         Reflect  .   (no cloak)
rCorr    .         Harm     .   (no gloves)
MR       .....                  d - +0 pair of boots
Stlth    +.........             (no amulet)
HPRegen  0.12/turn              (no ring)
MPRegen  0.10/turn              (no ring)

@: no status effects
A: cold resistance 1
a: Depart the Abyss, Bend Space, Renounce Religion


You were on level 3 of the Dungeon.
You worshipped Lugonu.
Lugonu was pleased with you.
You were hungry.

You visited 1 branch of the dungeon, and saw 3 of its levels.
You visited the Abyss 1 time.

You collected 33 gold pieces.

Inventory:

Hand Weapons
 a - a +1 mace (weapon)
 r - a +0 whip
Missiles
 e - 47 stones (quivered)
 f - 30 bolts
Armour
 b - a +0 leather armour
 d - a +0 pair of boots (worn)
 k - a +0 ring mail (worn)
 l - a +0 ring mail
 n - a +0 leather armour
 q - a +0 robe
 s - a +0 ring mail
Scrolls
 g - 3 scrolls of remove curse
 m - 3 scrolls of identify {unknown}
 t - a scroll of enchant weapon {unknown}
Potions
 j - a potion of berserk rage {unknown}
 o - a potion of heal wounds {unknown}
 p - 2 potions of curing {unknown}
 u - a potion of invisibility {unknown}
Comestibles
 c - a ration
 i - 2 chunks of flesh


   Skills:
 + Level 3.7 Fighting
 + Level 2.9 Maces & Flails
 + Level 2.0 Armour
 + Level 1.2 Dodging
 + Level 2.6 Invocations


You had 3 spell levels left.
You didn't know any spells.

Dungeon Overview and Level Annotations

Branches:
Dungeon (3/15)

Altars:

Annotations:
D:2 Sigmund


Innate Abilities, Weirdness & Mutations

Your flesh is cold resistant. (rC+)


Message History

The bat barely misses you.
The ball python bites you but does no damage.
* * * LOW HITPOINT WARNING * * *
The ball python constricts you.
A giant cockroach comes into view.
You escape the ball python's grasp.
The bat barely misses you. The bat hits you.
* * * LOW HITPOINT WARNING * * *
As you read the scroll of teleportation, it crumbles to dust.
You feel strangely unstable. The bat barely misses you. The bat hits you.
* * * LOW HITPOINT WARNING * * *
The giant cockroach waves its antennae.
The orc hits you but does no damage. The bat closely misses you.
As you read the scroll labeled ROLEP AXKAIZE, it crumbles to dust.
You feel as if something is helping you.
It was a scroll of remove curse.
Your surroundings suddenly seem different.
The quokka bites you.
You die...

........
#.......#
........
......... .
........
##....... ..
........
#.......####...
......%.
#.......#......
........
#..........r...
........
#.....r.......
........
#.r...@.......
.......S
#.#.##........
...###.o
#........ . #<)
#........ #..
##....... ##.
..##### ## ..#
..#


You could see 2 quokkas and a rat.

Vanquished Creatures
  2 adders (D:2)
  An ooze (D:1)
  3 dart slugs (D:1)
  A leopard gecko (D:1)
  An orc (D:3)
  5 giant cockroaches
  4 hobgoblins (D:1)
  5 kobolds
  5 bats (D:1)
  6 frilled lizards
  3 goblins (D:1)
  7 rats
43 creatures vanquished.

Notes
Turn   | Place    | Note
-------+----------+-------------------------------------------
     0 | Abyss:1  | JA55er the Demonspawn Abyssal Knight began the quest for the Orb.
     0 | Abyss:1  | Reached XP level 1. HP: 18/18 MP: 2/2
    12 | D:1      | Escaped the Abyss
   196 | D:1      | Gained mutation: Your flesh is cold resistant. (rC+) [demonic ancestry]
   196 | D:1      | Reached XP level 2. HP: 24/24 MP: 3/3
   211 | D:1      | Reached skill level 1 in Dodging
   557 | D:1      | Reached ** piety under Lugonu
   615 | D:1      | Reached XP level 3. HP: 29/29 MP: 5/5
  1323 | D:2      | Noticed Sigmund
  1341 | D:2      | Reached XP level 4. HP: 30/37 MP: 6/6
  1406 | D:3      | Slain by a quokka

Skill      XL: |  1  2  3 |
---------------+----------+-----
Dodging        | 1 |  1.2
Maces & Flails | 2 |  2.9
Armour         | 2 |  2.0
Fighting       | |  3.7
Invocations    | |  2.6

Action                   |  1- 3 |  4- 6 || total
-------------------------+-------+-------++-------
Melee: Mace              |   112 |     9 ||   121
  Use: Scroll            |     1 |     2 ||     3
  Eat: Chunk             |     1 |       ||     1
Armor: Leather armour    |    25 |       ||    25
       Ring mail         |    23 |    25 ||    48
Dodge: Dodged            |    72 |    25 ||    97
